 Dungeon Crawl Stone Soup version 0.26-a0-663-g36e8fdb655 (webtiles) character file.

Game seed: 16582503741257449156

17406 vortex the Thaumaturge (level 12, -15/70 HPs)
             Began as a Deep Elf Fire Elementalist on Oct 11, 2020.
             Was an Elder of Vehumet.
             Killed from afar by a hell hog (41 damage)
             ... with a fireball
             ... in a Gauntlet.
             The game lasted 01:41:16 (18071 turns).

vortex the Thaumaturge (DEFE)                      Turns: 18071, Time: 01:41:16

Health: -15/70     AC:  6    Str:  7    XL:     12   Next: 18%
Magic:  28/28      EV: 21    Int: 24    God:    Vehumet [****..]
Gold:   86         SH:  5    Dex: 15    Spells: 12/31 levels left

rFire    . . .     SeeInvis .   m - +1 dagger (freeze)
rCold    . . .     Faith    .   q - +0 buckler
rNeg     . . .     Spirit   .   v - +0 leather armour
rPois    .         Reflect  .   C - +2 hat
rElec    .         Harm     .   E - scarf {repulsion}
rCorr    +         Rampage  .   (no gloves)
MR       +....     NoTele   +   K - +0 pair of boots {run}
Stlth    ++++......             (no amulet)
HPRegen  0.21/turn              B - +4 ring of evasion
MPRegen  0.21/turn              h - ring of resist corrosion

@: hasted, repel missiles, very quick
A: no striking features
a: Renounce Religion


You were in a Gauntlet.
You worshipped Vehumet.
Vehumet was greatly pleased with you.
You visited 2 branches of the dungeon, and saw 13 of its levels.
You also visited: Gauntlet.

You collected 514 gold pieces.
You spent 428 gold pieces at shops.

Inventory:

Hand Weapons
 m - a +1 dagger of freezing (weapon)
Missiles
 l - 2 curare-tipped darts (quivered)
 t - 28 poisoned darts
 u - 2 throwing nets
Armour
 q - a +0 buckler (worn)
 v - a +0 leather armour (worn)
 x - the +1 pair of gloves of Picoq {rN+ rCorr Int-4, unknown}
   (You found it in a Gauntlet)

   It affects your intelligence (-4).
   It protects you from negative energy.
   It provides partial protection from all sources of acid and corrosion.
 y - a +1 cloak
 C - a +2 hat (worn)
 E - a scarf of repulsion (worn)
 K - a +0 pair of boots of running (worn)
Jewellery
 h - a ring of resist corrosion (right hand)
 B - a +4 ring of evasion (left hand)
Wands
 g - a wand of flame (26)
 i - a wand of iceblast (7)
 p - a wand of acid (18)
 w - a wand of disintegration (2)
 D - a wand of paralysis (2)
Scrolls
 b - 3 scrolls of blinking
 d - 4 scrolls of remove curse
 e - 3 scrolls of magic mapping
 j - 5 scrolls of enchant weapon
 o - 5 scrolls of fear {unknown}
 r - 2 scrolls of enchant armour
 A - a scroll of amnesia
 G - a scroll of summoning
 I - a scroll of immolation {unknown}
Potions
 a - 2 potions of haste
 c - 5 potions of lignification {unknown}
 f - 4 potions of berserk rage {unknown}
 k - a potion of cancellation
 n - 2 potions of flight
 s - 3 potions of mutation
 z - 2 potions of stabbing
 H - a potion of curing
Miscellaneous
 F - a condenser vane (1/2)
 J - a tin of tremorstones (3/3)


   Skills:
 + Level 6.0 Fighting
 - Level 2.0 Short Blades
 - Level 2.0 Armour
 + Level 9.1 Dodging
 + Level 9.9 Stealth
 * Level 3.9 Shields
 + Level 10.1 Spellcasting
 + Level 8.1 Conjurations
 + Level 8.9 Fire Magic
 + Level 0.5 Earth Magic
 + Level 7.4 Evocations


You had 12 spell levels left.
You knew the following spells:

 Your Spells              Type           Power        Failure   Level
a - Foxfire               Conj/Fire      ####         1%          1
b - Conjure Flame         Conj/Fire      ######..     1%          3
c - Sticky Flame          Conj/Fire      ######..     1%          4
f - Fireball              Conj/Fire      ######....   1%          5
i - Magic Dart            Conj           ####         1%          1
r - Lee's Rapid Deconstr  Erth           ###.......   38%         5

Your spell library contained the following spells:

 Spells                   Type           Power        Failure   Level
 Yara's Violent Unravell  Hex/Tmut       ##........   45%         5
 Searing Ray              Conj           ######       1%          2
 Dazzling Flash           Conj/Hex       ####..       1%          3
 Inner Flame              Hex/Fire       ####....     1%          3
 Fulminant Prism          Conj/Hex       ####......   4%          4
 Iskenderun's Mystic Bla  Conj/Tloc      ####....     4%          4
 Confusing Touch          Hex            ##......     22%         3


Dungeon Overview and Level Annotations

Branches:
Dungeon (12/15)            Temple (1/1) D:5            Lair (0/6) D:10
    Orc (0/2) D:9         Gauntlet (1/1)

Altars:
Ashenzari
Cheibriados
Dithmenos
Elyvilon
Fedhas
Gozag
Hepliaklqana
Kikubaaqudgha
Makhleb
Nemelex Xobeh
Okawaru
Qazlal
Ru
Sif Muna
Trog
Uskayaw
Vehumet
Wu Jian
Xom
Yredelemnul
Zin
The Shining One
Lugonu

Shops:
D:7 :   D:9 }   D:10 *   D:11 *

Annotations:
D:3 2 transporters
D:9 kill rust devil Gauntlet 1 transporter


Message History

Okay, then.
Okay, then.
The hell hound breathes flames at you.
The blast of flame hits the hell hound.
The hell hound completely resists.
The blast of flame is repelled.
There is a transporter here.
Evoke which item? (* to show all) (? for menu, Esc to quit)
Press: ? - help, Shift-Dir - straight line, f - hell hound, p - fire bat
Aim: a hell hound (almost dead, chance to defeat MR: 67%)
The hell hound suddenly stops moving!
The hell hog fails to trigger a net trap.
The hell hound stops to sniff the ground.
You see here 26 gold pieces.
You now have 86 gold pieces (gained 26).
The hell hog breathes fire at you.
The fireball explodes!
The fireball engulfs the hell hound.
The hell hound completely resists.
The fireball engulfs the hell hog.
The hell hog resists.
The fireball engulfs you!!!
Ouch! That really hurt!
You die...

######...#...
.........#######
.8.....8...............
..............8.....8.##
#######...............§#
......#...#########...##.
...##.#...#..##.. #...#..
#.#.#.#####.#...###...#.8
#.##..#...#.#.h#@.#...#..
.©.#.©#©.©#..#©#h©#.8.#.8
#.##..#...#..#^h#.#...#..
#.#.#[#######...#.#...#.8
...##.#...#...##b.#...#..
......#...#########...##.
#######...............≈#
..............8.....8.##
.8.....8...............#


You could see a hell hog (catching breath) and 2 hell hounds.

Vanquished Creatures
  A deep elf annihilator (D:10)
  A boulder beetle (D:11)
  A hell beast (D:9)
  An unseen horror (D:10)
  Pikel (D:6)
  2 wizards (D:10)
  An ugly thing (D:11)
  A cyclops (D:10)
  An apocalypse crab (Gauntlet)
  A gargoyle (D:10)
  2 trolls (D:9)
  2 red devils (D:9)
  Grinder (D:3)
  3 slime creatures (D:11)
  Sigmund (D:2)
  3 orc warriors
  A shadow (D:9)
  16 yaks
  3 fire bats (Gauntlet)
  A wraith (D:9)
  Eustachio (D:5)
  Menkaure (D:6)
  A hell hound (Gauntlet)
  Duvessa (D:5)
  4 sky beasts
  6 necrophages
  An eye of draining (D:8)
  5 ice beasts
  2 black bears
  2 phantoms
  6 ogres
  2 wolves (D:10)
  A lemure (D:6)
  2 big kobolds
  7 bullfrogs
  Dowan (D:5)
  A scorpion (D:12)
  3 troll zombies (D:9)
  6 wights
  3 vampire bats (D:2)
  4 electric eels (D:10)
  A crimson imp (D:7)
  A jelly (D:11)
  10 orc priests
  A bullfrog skeleton (D:7)
  15 hounds
  A bullfrog zombie (D:6)
  12 orc wizards
  3 centaur skeletons
  7 iron imps (D:9)
  Jessica (D:3)
  3 iguanas
  Terence (D:3)
  7 worker ants
  A killer bee zombie (D:7)
  5 ogre zombies (D:9)
  A hound zombie (D:8)
  A mummy (D:7)
  A hound skeleton (D:4)
  16 gnolls
  10 adders
  A shadow imp (D:10)
  2 white imps
  3 ufetubi
  3 oozes
  An adder zombie (D:10)
  A worm (D:2)
  2 dart slugs
  5 leopard geckos
  30 orcs
  6 bat skeletons (D:2)
  4 giant cockroaches
  11 goblins
  5 hobgoblins
  3 jackals (D:11)
  9 quokkas
  7 bats
  6 frilled lizards
  A goblin skeleton (D:9)
  4 goblin zombies (D:9)
  A hobgoblin skeleton (D:9)
  A hobgoblin zombie (D:9)
  A jackal skeleton (D:4)
  15 kobolds
  A leopard gecko skeleton (D:6)
  3 orc skeletons (D:9)
  15 orc zombies (D:9)
  A quokka zombie (D:8)
  9 rats
353 creatures vanquished.

Vanquished Creatures (collateral kills)
  A centaur zombie (D:8)
  An orc wizard (D:8)
  An orc (D:8)
  5 foxfires
8 creatures vanquished.

Vanquished Creatures (others)
  A wizard (D:6)
  An iron imp (D:9)
  An orc (D:7)
  1876 foxfires
  A withered plant (D:7)
1880 creatures vanquished.

Grand Total: 2241 creatures vanquished

Notes
Turn   | Place    | Note
-------+----------+-------------------------------------------
     0 | D:1      | vortex the Deep Elf Fire Elementalist began the quest for
                  | the Orb.
     0 | D:1      | Reached XP level 1. HP: 10/10 MP: 6/6
   566 | D:1      | Found a glowing golden altar of the Shining One.
   573 | D:1      | Reached XP level 2. HP: 16/16 MP: 4/8
  1374 | D:2      | Found a white marble altar of Elyvilon.
  1379 | D:2      | Reached XP level 3. HP: 20/20 MP: 6/9
  1966 | D:2      | Reached skill level 1 in Fighting
  2012 | D:2      | Learned a level 3 spell: Conjure Flame
  2037 | D:2      | Found an ancient bone altar of Kikubaaqudgha.
  2052 | D:2      | Reached XP level 4. HP: 10/25 MP: 0/11
  2057 | D:2      | Reached XP level 5. HP: 29/29 MP: 0/12
  2059 | D:2      | Reached skill level 4 in Spellcasting
  2388 | D:2      | Noticed Sigmund
  2396 | D:2      | Killed Sigmund
  2396 | D:2      | Reached XP level 6. HP: 35/35 MP: 7/14
  2754 | D:2      | Learned a level 4 spell: Sticky Flame
  2760 | D:2      | Learned a level 5 spell: Fireball
  2927 | D:3      | Found a transporter.
  2966 | D:3      | Noticed Jessica
  2974 | D:3      | Killed Jessica
  3018 | D:3      | Found a transporter.
  3158 | D:3      | Noticed Terence
  3205 | D:3      | Killed Terence
  3494 | D:3      | Noticed Grinder
  3506 | D:3      | Killed Grinder
  3506 | D:3      | Reached skill level 1 in Short Blades
  3506 | D:3      | Reached skill level 1 in Evocations
  3506 | D:3      | Reached XP level 7. HP: 40/40 MP: 8/16
  3575 | D:3      | Reached skill level 5 in Spellcasting
  3684 | D:3      | Found a blossoming altar of Fedhas.
  3688 | D:3      | Found a glowing silver altar of Zin.
  3691 | D:3      | Found a stormy altar of Qazlal.
  4649 | D:4      | Reached skill level 5 in Fire Magic
  4769 | D:4      | Found a shimmering blue altar of Sif Muna.
  5128 | D:4      | Reached skill level 5 in Stealth
  5845 | D:5      | Entered Level 5 of the Dungeon
  5845 | D:5      | Noticed Duvessa
  5846 | D:5      | Noticed Dowan
  5870 | D:5      | Reached XP level 8. HP: 45/45 MP: 14/18
  6003 | D:5      | Noticed Eustachio
  6009 | D:5      | Killed Eustachio
  6009 | D:5      | Reached skill level 5 in Dodging
  6200 | D:5      | Reached skill level 6 in Spellcasting
  6337 | D:5      | Killed Duvessa
  6345 | D:5      | Killed Dowan
  6697 | D:5      | Found a staircase to the Ecumenical Temple.
  6704 | Temple   | Entered the Ecumenical Temple
  7298 | D:6      | Noticed Menkaure
  7304 | D:6      | Killed Menkaure
  7566 | D:6      | Noticed Pikel
  7589 | D:6      | Killed Pikel
  7589 | D:6      | Reached skill level 5 in Conjurations
  7589 | D:6      | Reached XP level 9. HP: 23/51 MP: 8/21
  8054 | D:6      | Found a bloodstained altar of Trog.
  8055 | D:6      | Noticed a wizard
  8060 | D:6      | Killed a wizard
  8195 | D:7      | Reached skill level 7 in Spellcasting
  8219 | D:6      | Reached skill level 1 in Armour
  8419 | D:7      | Found Soavymus's Book Emporium.
  8758 | D:7      | Learned a level 1 spell: Magic Dart
  8856 | D:7      | Found a burning altar of Makhleb.
  8908 | D:7      | Found a radiant altar of Vehumet.
  8913 | D:7      | Became a worshipper of Vehumet
  9237 | D:7      | Found a shadowy altar of Dithmenos.
  9671 | D:8      | Reached XP level 10. HP: 56/56 MP: 6/23
 10307 | D:8      | Reached skill level 5 in Evocations
 10622 | D:9      | Noticed a hell beast
 10622 | D:9      | Noticed a rust devil
 10790 | D:9      | Got an ancient trident
 10792 | D:9      | Identified the +2 trident "Eroifal" {vorpal, rN+ Int+4
                  | Dex-4} (You found it on level 9 of the Dungeon)
 10940 | D:9      | Reached * piety under Vehumet
 10940 | D:9      | Offered knowledge of Freeze by Vehumet.
 11063 | D:9      | Reached skill level 8 in Spellcasting
 11582 | D:9      | Offered knowledge of Sandblast by Vehumet.
 11603 | D:9      | Reached ** piety under Vehumet
 11690 | D:9      | Found a staircase to the Orcish Mines.
 12581 | D:9      | Found a corrupted altar of Lugonu.
 12764 | D:9      | Found Hoariseo's Gadget Emporium.
 12834 | D:9      | Bought a wand of iceblast (7) for 176 gold pieces
 12834 | D:9      | Bought a wand of iceblast (5) for 144 gold pieces
 12892 | D:9      | Reached skill level 5 in Fighting
 13902 | D:9      | Killed a hell beast
 14035 | D:10     | Entered Level 10 of the Dungeon
 14046 | D:10     | Reached XP level 11. HP: 63/63 MP: 20/25
 14053 | D:9      | Offered knowledge of Ignite Poison by Vehumet.
 14363 | D:9      | Reached skill level 9 in Spellcasting
 14512 | D:10     | Found a staircase to the Lair.
 14545 | D:10     | Reached *** piety under Vehumet
 14758 | D:10     | Offered knowledge of Olgreb's Toxic Radiance by Vehumet.
 14874 | D:10     | Noticed a wizard
 14879 | D:10     | Killed a wizard
 14881 | D:10     | Noticed a wizard
 14888 | D:10     | Killed a wizard
 14888 | D:10     | Reached skill level 1 in Shields
 14923 | D:10     | Killed an unseen horror
 15519 | D:10     | Found Neqayj's Assorted Antiques.
 15527 | D:10     | Bought a scroll of identify for 54 gold pieces
 15527 | D:10     | Bought 2 scrolls labeled DAMPIO VYADASS for 54 gold pieces
 15573 | D:10     | Reached **** piety under Vehumet
 15771 | D:10     | Noticed a deep elf annihilator
 15776 | D:10     | Killed a deep elf annihilator
 16401 | D:11     | Offered knowledge of Yara's Violent Unravelling by Vehumet.
 16556 | D:11     | Noticed a boulder beetle
 16573 | D:11     | Killed a boulder beetle
 17105 | D:11     | Found Jeahev's Assorted Antiques.
 17406 | D:11     | Noticed a green ugly thing
 17414 | D:11     | Killed a green ugly thing
 17414 | D:11     | Reached XP level 12. HP: 69/69 MP: 11/27
 17523 | D:11     | Reached skill level 10 in Spellcasting
 17654 | D:11     | Identified the Reference Book on Bewitchment and Earth
 17662 | D:11     | Learned a level 5 spell: Lee's Rapid Deconstruction
 17989 | D:12     | Found a gate leading to a gauntlet.
 18003 | Gauntlet | Entered a Gauntlet
 18003 | Gauntlet | Found a transporter.
 18007 | Gauntlet | Found a transporter.
 18016 | Gauntlet | Found a transporter.
 18016 | Gauntlet | Noticed a cacodemon
 18019 | Gauntlet | Noticed a hell hog
 18037 | Gauntlet | Identified a +0 pair of boots of running (You found it in a
                  | Gauntlet)
 18039 | Gauntlet | Noticed a reaper
 18048 | Gauntlet | Found a transporter.
 18067 | Gauntlet | Got a pair of polished gloves
 18071 | Gauntlet | Killed from afar by a hell hog

Illustrated notes

Levels and vault maps discovered:
D:1:      nagdon_arrival_double_spiral, layout_basic, tso_metal_star
D:2:      layout_loops_cross, kennysheep_vampire_church, kennysheep_cross_room,
          hangedman_feature_mirror, elyvilon_altar_4, uniq_sigmund
D:3:      gammafunk_steamed_eel, layout_basic, minmay_overflow_temple_star_quad,
          cheibrodos_gnoll_hut, uniq_grinder, uniq_jessica, uniq_terence
D:4:      layout_loops_corners, tgw_sif
D:5:      layout_loops_ring, minmay_temple_entry_mist, uniq_duvessa,
          uniq_eustachio
D:6:      layout_rooms, trog_wizard, uniq_pikel, uniq_menkaure
D:7:      layout_loops_ring, grunt_temple_overflow_lords_of_destruction,
          grunt_dithmenos_smoke_and_mirrors, serial_undead, serial_undead_e,
          serial_undead_e, serial_undead_d, serial_undead_a, serial_shops, shop,
          kennysheep_generic_room_11
D:8:      layout_gridville
D:9:      layout_basic, zombieorc2_lemuel, minmay_shop_grid_forest,
          lemuel_hellish_altar
D:10:     cheibrodos_wizards_tower, layout_basic, erik_lair_island,
          serial_shops, kennysheep_mini, serial_aquarium, aquarium_bridge_square
          [aquarium_subvault_bridge, aquarium_subvault_balcony,
          aquarium_subvault_wall, aquarium_subvault_balcony],
          aquarium_bridge_square [aquarium_subvault_wall,
          aquarium_subvault_balcony, aquarium_subvault_wall,
          aquarium_subvault_bridge], aquarium_window_2, aquarium_window_corner,
          aquarium_window_1, aquarium_view_2b
D:11:     layout_stronghold, serial_shops, shop
D:12:     layout_long_grid, gauntlet_entry_generic
Temple:   regret_index_temple_waves
Gauntlet: minmay_gauntlet_mixed_oops_all_seconds
          [minmay_gauntlet_arena_77_museum, gammafunk_gauntlet_arena_corners,
          minmay_gauntlet_arena_77_terracotta_army,
          gammafunk_gauntlet_arena_grid, minmay_gauntlet_arena_77_squiggly,
          nicolae_gauntlet_arena_quarters, gauntlet_exit_hidden_loot]

Skill      XL: |  1  2  3  4  5  6  7  8  9 10 11 12 |
---------------+-------------------------------------+-----
Stealth        | 3 4 5 6 7 8 9 |  9.9
Dodging        | 3 4 6 7 8 9 |  9.1
Fighting       | 1 2 3 4 5 6 |  6.0
Conjurations   | 2 3 5 7 8 |  8.1
Fire Magic     | 4 5 6 7 8 |  8.9
Spellcasting   | 4 5 6 7 8 9 10 | 10.1
Short Blades   | 1 2 |  2.0
Evocations     | 1 2 3 4 6 7 |  7.4
Armour         | 2 |  2.0
Shields        | 3 |  3.9
Earth Magic    | |  0.5

Action                   |  1- 3 |  4- 6 |  7- 9 | 10-12 || total
-------------------------+-------+-------+-------+-------++-------
Melee: Short sword       |    13 |     2 |       |       ||    15
       Dagger            |       |     1 |    42 |    21 ||    64
Throw: Dart              |       |     1 |     1 |     2 ||     4
 Cast: Foxfire           |    99 |    72 |   332 |   597 ||  1100
       Magic Dart        |       |       |    11 |   163 ||   174
       Sticky Flame      |       |       |     5 |    24 ||    29
       Fireball          |       |       |       |    23 ||    23
       Conjure Flame     |       |       |       |     1 ||     1
Evoke: Wand              |       |       |     3 |    24 ||    27
       Condenser vane    |       |       |       |     1 ||     1
  Use: Potion            |       |     3 |     3 |     3 ||     9
       Scroll            |       |       |    11 |     5 ||    16
 Stab: Sleeping          |     3 |     1 |       |       ||     4
       Paralysed         |       |       |       |     1 ||     1
Armor: Robe              |    18 |     6 |    10 |       ||    34
       Leather armour    |       |       |     7 |    20 ||    27
Dodge: Dodged            |    34 |     6 |    79 |    85 ||   204
       Repelled          |       |       |       |     1 ||     1
Block: Buckler           |       |       |       |     1 ||     1

Table legend: (Time is in decaauts)
 A = Elapsed time spent in this place.
 B = Non-inter-level travel time spent in this place.
 C = Inter-level travel time spent in this place.
 D = Time resting spent in this place.
 E = Time spent auto-exploring this place.
 F = Levels seen in this place.
 G = Mean time per level.
                   A        B        C        D        E       F      G
               +--------+--------+--------+--------+--------+-----+--------+
         Total |  18132 |  17240 |    892 |    289 |  14104 |  14 | 1295.1 |
       Dungeon |  17942 |  17065 |    877 |    289 |  13990 |  12 | 1495.2 |
        Temple |    130 |    115 |     15 |      0 |    111 |   1 |  130.0 |
      Gauntlet |     58 |     58 |      0 |      0 |      2 |   1 |   58.0 |
               +--------+--------+--------+--------+--------+-----+--------+

Top non-repeatable levels by time:
     D:9: 3779 daAuts
    D:11: 1678 daAuts
    D:10: 1668 daAuts
     D:2: 1617 daAuts
     D:3: 1559 daAuts
     D:4: 1482 daAuts
     D:1: 1373 daAuts
     D:7: 1311 daAuts
     D:8: 1241 daAuts
     D:5: 1224 daAuts
     D:6: 973 daAuts
  Temple: 130 daAuts
Gauntlet: 58 daAuts
    D:12: 33 daAuts
